[Event "*** Titled Tuesday Blitz"]
[Site "Chess.com"]
[Date "2020.04.07"]
[Round "2"]
[White "Coiote53"]
[Black "yarosavich"]
[Result "0-1"]
[WhiteElo "2351"]
[BlackElo "2722"]
[TimeControl "180+1"]
[EndTime "13:20:03 PDT"]
[Termination "yarosavich won on time"]

1. e4 c5 2. Nf3 Nc6 3. Nc3 g6 4.
d4 cxd4 5. Nxd4 Bg7 6. Be3 Nf6 7.
Bc4 O-O 8. Bb3 d6 9. f3 Na5 10. Qd2 Nxb3 11. axb3 Re8 12. O-O-O Bd7 13. Bh6 Bh8 14.
h4 Qa5 15. Kb1 Rac8 16. g4 Bc6 17. h5 Nd7 18. hxg6 fxg6 19. Qh2 e5 20. Bg5 Nf8 21. Nxc6 bxc6 22. Rxd6 Qc7 23. Rhd1 Qf7 24. Qh3 Rc7 25. Bh6 Ne6 26. Be3 Nd4 27. Bxd4 exd4 28. Ne2 Be5 29. R6xd4 Bxd4 30. Rxd4 Rd7 31. Qg3 Red8 32. Rxd7 Qxd7 33. Qe5 Qd1+ 34. Nc1 Qxf3 35. Qe6+ Qf7 36. Qxc6 Qd7 37. Qc4+ Kg7 38. g5 Rc8 39. Qe2 Qc7 40. e5 Qc5 41. c3 Re8 42. Nd3 Qg1+ 43. Ka2 Qxg5 44. Qe4 Qe7 45. Qd4 h5 46. e6+ Qf6 47. Qxa7+ Re7 48. Qa8 Qxe6 49. Nb4 Qf7 50. Qc6 Ra7+ 51. Kb1 Qf5+ 0-1

[Event "*** Titled Tuesday Blitz"]
[Site "Chess.com"]
[Date "2020.04.07"]
[Round "2"]
[White "GOGIEFF"]
[Black "JozefKneht"]
[Result "1-0"]
[WhiteElo "2945"]
[BlackElo "2598"]
[TimeControl "180+1"]
[EndTime "13:20:04 PDT"]
[Termination "GOGIEFF won by resignation"]

1. d4 d5 2. c4 e6 3. Nc3 Nf6 4. cxd5 exd5 5. Bg5 Be7 6. e3 O-O 7. Bd3 c6 8. Qc2 Nbd7 9. Nf3 Re8 10. O-O Nf8 11. h3 Be6 12. Ne5 N6d7 13. Bxe7 Rxe7 14. f4 f6 15. Nf3 Qc7 16. Rae1 Rae8 17. g4 a6 18. Qh2 c5 19. f5 Qxh2+ 20. Nxh2 Bf7 21.
Kf2 c4 22. Bc2 b5 23. a3 Nb6 24. Nf3 Nfd7 25. e4 Kf8 26. Nd2 Nb8 27. exd5 Nxd5 28.
Rxe7 Rxe7 29. Be4 Rd7 30. Bh1 Nc6 31. Nde4 Nde7 32. Nc5 Rxd4 33. Ke3 Rd8 34. Be4 Ne5 35. Nxa6 Nd5+ 36. Bxd5 Bxd5 37. Rd1 Nd3 38. Nc7 Bf7 39. N3xb5 g6 40. a4 gxf5 41. gxf5 Rb8 42. Rd2 Be8 43. Nxe8 Kxe8 44. Kd4 Ne5 45. Kc5 Rc8+ 46. Kb6 Nd7+ 47. Kb7 Rc5 48. Rd5 Rxd5 49. Nc7+ Ke7 50. Nxd5+ Kd6 51.
Nc3 Nc5+ 52. Kb6 Nd7+ 53. Kb5 Ke5 54. a5 Kxf5 55. a6 Nf8 56. a7 Ne6 57. Kb6 1-0

[Event "*** Titled Tuesday Blitz"]
[Site "Chess.com"]
[Date "2020.04.07"]
[Round "2"]
[White "GMHess"]
[Black "Crazy_girl99"]
[Result "1-0"]
[WhiteElo "2768"]
[BlackElo "2513"]
[TimeControl "180+1"]
[EndTime "13:20:04 PDT"]
[Termination "GMHess won by resignation"]

1. b3 d5 2. Bb2 c5 3. e3 Nc6 4. h3 Nf6 5. d3 e5 6. Nd2 Bd6 7. Ne2 Be6 8. g4 Qc7 9. Bg2 h6 10. Ng3 O-O-O 11. Nf5 Bxf5 12. gxf5 Ne7 13. e4 Rhg8 14.
Qf3 Kb8 15. O-O-O d4 16. Nc4 Nc6 17. Nxd6 Rxd6 18. Bf1 Qa5 19. a3 b5 20. Rg1 Nd7 21.
Qh5 Nd8 22. Qh4 f6 23. Be2 Rc6 24. f4 exf4 25. Qxf4+ Ne5 26. Rg3 Qc7 27. Kb1 Re8 28.
Bh5 Re7 29. Qf2 Rd6 30. Rdg1 Ndc6 31. Be2 Rdd7 32. Bc1 Qb6 33. Bf4 a5 34. R1g2 Ka7 35.
Qg1 Qb7 36. Bc1 c4 37. Bb2 Ka8 38. bxc4 bxc4 39. dxc4 a4 40. Kc1 Na5 41. Bxd4 Naxc4 42.
Bxe5 Nxe5 43. Qc5 Kb8 44. Rc3 Rc7 45. Qd6 Rd7 46. Rxc7 Rxc7 47. Rxg7 Nc6 48. Ba6 Qa7 49. Rg8+ 1-0

[Event "*** Titled Tuesday Blitz"]
[Site "Chess.com"]
[Date "2020.04.07"]
[Round "2"]
[White "Alliswell998"]
[Black "ValentinDragnev"]
[Result "1-0"]
[WhiteElo "2528"]
[BlackElo "2726"]
[TimeControl "180+1"]
[EndTime "13:20:04 PDT"]
[Termination "Alliswell998 won by checkmate"]

1. d4 Nf6 2. Bg5 Ne4 3. Bf4 d5 4. f3 g5 5. Bc1 Nf6 6. Bxg5 Bg7 7. Nc3 c5 8. e3 Nc6 9. Nge2 Rg8 10. Qd2 Bf5 11.
dxc5 Bh8 12. Bxf6 Bxf6 13. Nd4 Nxd4 14. exd4 e6 15. Bb5+ Kf8 16. O-O-O Qc7 17. Kb1 b6 18. c6 Bg6 19. h4 a6 20. Be2 h5 21. g4 Qxc6 22.
f4 hxg4 23. Bxg4 Ke7 24. f5 Bh7 25. Bh3 Rg3 26. fxe6 fxe6 27. Qh6 Rh8 28. Qd2 Bg8 29. Rde1 Rxh4 30. Bg2 Rxh1 31. Bxh1 Kd7 32. Qf4 Rg6 33. Bxd5 Qd6 34. Qf1 Bh4 35. Be4 Rf6 36. Qg2 Bxe1 37. Qg7+ Qe7 38. Qxg8 Bxc3 39. bxc3 Rf1+ 40. Kb2 Rf8 41.
Qg3 Qd6 42. Qd3 b5 43. d5 e5 44. Qe3 Qc7 45. Bg2 Kd6 46. Qh6+ Ke7 47. Bh3 Rf6 48. Qg7+ Rf7 49. Qg5+ Kd6 50. Qg6+ Ke7 51. Qe6+ Kf8 52. Qh6+ Ke8 53. Qe6+ Qe7 54. Qc8+ Qd8 55. Qe6+ Qe7 56. Qxa6 b4 57. Qc8+ Qd8 58. Qe6+ Re7 59. Qg8# 1-0

[Event "*** Titled Tuesday Blitz"]
[Site "Chess.com"]
[Date "2020.04.07"]
[Round "2"]
[White "Kingsman132"]
[Black "Gajuchess"]
[Result "1-0"]
[WhiteElo "2392"]
[BlackElo "2684"]
[TimeControl "180+1"]
[EndTime "13:20:04 PDT"]
[Termination "Kingsman132 won on time"]

1. Nf3 d5 2. c4 d4 3. g3 Nc6 4. d3 e5 5. Bg2 Bb4+ 6. Nbd2 a5 7.
a3 Be7 8. O-O Nf6 9. Qa4 Bd7 10. Qb5 Bd6 11. Qb3 a4 12. Qc2 O-O 13. c5 Be7 14. Nc4 Be6 15. Ncxe5 Nxe5 16. Nxe5 Bb3 17. Qd2 c6 18. e4 dxe3 19. Qxe3 Nd5 20. Qe4 Bxc5 21. Qg4 Nf6 22. Qf5 Ra5 23. Bd2 Rb5 24. Bc3 Bd4 25. Rae1 Be6 26. Qf4 Bxc3 27. bxc3 Qa5 28. c4 Rb3 29. d4 Rxa3 30. g4 h6 31. h4 Rd8 32. g5 Nh5 33. Qe4 hxg5 34. hxg5 Qd2 35. Qh4 Nf4 36. Rd1 Ne2+ 37. Kh2 Qf4+ 38.
Qxf4 Nxf4 39. Rg1 g6 40. Bf1 Kg7 41. Rg3 Ra2 42. Rf3 Rh8+ 43. Kg3 Nh5+ 44. Kg2 Rd8 45.
Kh2 a3 46. Bh3 Bxh3 47. Rxf7+ Kg8 48. Kxh3 Rb2 49. Rf3 a2 50. Ra1 Rxd4 51. Ra3 Rdd2 52. Nxg6 Rxf2 53. Kg4 Kg7 54. Kxh5 1-0

[Event "*** Titled Tuesday Blitz"]
[Site "Chess.com"]
[Date "2020.04.07"]
[Round "2"]
[White "LivajaM"]
[Black "Vugar_Manafov"]
[Result "0-1"]
[WhiteElo "2311"]
[BlackElo "2674"]
[TimeControl "180+1"]
[EndTime "13:20:04 PDT"]
[Termination "Vugar_Manafov won by checkmate"]

1. d4 Nf6 2. Bg5 d5 3. Nf3 Ne4 4. Bf4 c5 5. c3 Qb6 6. Qb3 c4 7. Qc2 Bf5 8. Qc1 Nc6 9. e3 e6 10. Nbd2 h6 11. h3 Be7 12. Be2 O-O 13. O-O Qd8 14. b3 b5 15. b4 a5 16. a3 Qb6 17.
Nxe4 Bxe4 18. Nd2 Bg6 19. Bf3 Bd3 20. Re1 f5 21. Be2 Bxe2 22. Rxe2 Ra6 23. Nf3 Rfa8 24. Rb1 axb4 25. axb4 Ra2 26. Rxa2 Rxa2 27. Rb2 Ra3 28. Rc2 Qa6 29. Kh2 Bxb4 30. cxb4 Nxb4 31. Re2 Nd3 32. Qd2 b4 33. Ne5 Nxe5 34. dxe5 c3 35. Qd1 b3 36.
e4 fxe4 37. Re3 b2 38. Rg3 Qb7 39. Qg4 b1=Q 40. Qxe6+ Qf7 41. Qc8+ Kh7 42. Be3 Ra1 43. Rg4 Qh1+ 44. Kg3 Rg1 45. Kh4 Rxg2 46. Rxg2 Qxg2 47. Qg4 g5+ 48. Bxg5 hxg5+ 49. Kxg5 Qxg4+ 50. Kxg4 c2 51. e6 Qxe6+ 52. Kf4 c1=Q+ 53. Kg3 Qg1+ 54. Kh4 Qh6# 0-1

[Event "*** Titled Tuesday Blitz"]
[Site "Chess.com"]
[Date "2020.04.07"]
[Round "2"]
[White "gena217"]
[Black "VSERGUEI"]
[Result "1-0"]
[WhiteElo "2942"]
[BlackElo "2597"]
[TimeControl "180+1"]
[EndTime "13:20:05 PDT"]
[Termination "gena217 won on time"]

1. e4 e6 2. d4 d5 3. Nd2 Nf6 4. e5 Nfd7 5. Bd3 c5 6. c3 Nc6 7. Ndf3 a5 8. Nh3 a4 9. O-O a3 10. Re1 axb2 11. Bxb2 c4 12. Bc2 Ba3 13. Bc1 Qa5 14.
Re3 Bxc1 15. Qxc1 Qa3 16. Qb1 h6 17. Nf4 Ra6 18. h4 Rb6 19. Qd1 Rb2 20. Qc1 b5 21. g4 Nb6 22. Kg2 Bd7 23. Nh5 Kf8 24. Kg3 Be8 25. Nf4 Bd7 26. Nh5 Be8 27. Bd1 b4 28. cxb4 Qxb4 29. Bb3 Rxf2 30. Kxf2 cxb3 31. Rxb3 Qa5 32.
Qc3 Qxc3 33. Rxc3 Nc4 34. Rb1 f6 35. exf6 Bxh5 36. fxg7+ Kxg7 37. gxh5 Rf8 38. Rb7+ Kf6 39. Rc7 Nb4 40. a3 Na6 41. Rc6 Nb8 42. R6xc4 dxc4 43. Rxc4 Nd7 44. Ra4 Rb8 45. Ra6 Rb2+ 46. Kg3 Kf5 47. a4 Nf6 48. Ne5 Ne4+ 49. Kf3 Rb3+ 50. Ke2 Ng3+ 51. Kd2 Ke4 52. Kc2 Ra3 53. Nc4 Ra2+ 54.
Kb3 Ra1 55. Kb2 Rg1 56. Rd6 Ne2 57. Nd2+ Kd3 58. Nb3 1-0

[Event "*** Titled Tuesday Blitz"]
[Site "Chess.com"]
[Date "2020.04.07"]
[Round "2"]
[White "TheCount"]
[Black "AEMEffi"]
[Result "0-1"]
[WhiteElo "2651"]
[BlackElo "2350"]
[TimeControl "180+1"]
[EndTime "13:20:05 PDT"]
[Termination "AEMEffi won by resignation"]

1. d4 d5 2. c4 c6 3. cxd5 cxd5 4.
Bf4 Nf6 5. e3 a6 6. Nc3 Nc6 7.
Rc1 e6 8. Bd3 Bd6 9. Bxd6 Qxd6 10. f4 O-O 11. Nf3 b5 12. O-O Bb7 13. Ne5 Ne7 14.
g4 Rac8 15. g5 Ne4 16. Qe2 Nf5 17. Rc2 b4 18. Nxe4 dxe4 19. Bc4 Bd5 20. Rfc1 Bxc4 21. Rxc4 Rxc4 22. Rxc4 f6 23. gxf6 gxf6 24. Ng4 Qd7 25. Rxb4 Qg7 26. Kf1 Rc8 27. Rc4 Rxc4 28. Qxc4 Qxg4 29.
Qxe6+ Kg7 30. Qxe4 Qh3+ 31. Qg2+ Qxg2+ 32. Kxg2 Nxe3+ 33. Kf3 Nc4 34. b3 Nd6 35. Ke3 Kg6 36. d5 Kf5 37. a4 a5 38. Kd4 Kxf4 39. b4 axb4 40. a5 b3 41. Kc3 Ke5 42. a6 Nc8 43. Kxb3 Kxd5 44. Kc3 f5 45. Kd3 f4 46. Ke2 Ke4 47.
Kf2 Na7 48. Ke2 f3+ 49. Kf2 Kf4 50. Kf1 Ke3 51. Ke1 f2+ 52. Kf1 h6 53. h4 h5 54.
Kg2 Ke2 55. Kg3 f1=Q 0-1

[Event "*** Titled Tuesday Blitz"]
[Site "Chess.com"]
[Date "2020.04.07"]
[Round "2"]
[White "adiosabu"]
[Black "vizumatv4hoda"]
[Result "1/2-1/2"]
[WhiteElo "2507"]
[BlackElo "2732"]
[TimeControl "180+1"]
[EndTime "13:20:06 PDT"]
[Termination "Game drawn by repetition"]

1. e4 c5 2. Nf3 g6 3. d4 Bg7 4. dxc5 Qa5+ 5. c3 Qxc5 6. Be3 Qc7 7. Na3 Nf6 8. e5 Ng4 9. Nb5 Qa5 10. Qd5 O-O 11. Bf4 a6 12. b4 Qb6 13. Nbd4 d6 14.
h3 Nxe5 15. Nxe5 dxe5 16. Bxe5 Bxe5 17. Qxe5 Nc6 18. Nxc6 Qxc6 19. Qg3 Rd8 20. Be2 Be6 21. O-O Rac8 22. Rfc1 Rd2 23. Qe3 Qd6 24. Rd1 Rd8 25.
Rxd2 Qxd2 26. Rd1 Qxd1+ 27. Bxd1 Rxd1+ 28. Kh2 b5 29. Qa7 Bxa2 30. Qxe7 Bc4 31. Qb7 Rd2 32. Kg3 h5 33. h4 Rd3+ 34. f3 Rxc3 35. Qxa6 Rb3 36.
Qd6 Kh7 37. Kf4 Rd3 38. Qe7 Rd4+ 39. Ke3 Rd1 40. Qc7 Rd3+ 41. Kf4 Rd4+ 42. Kg5 Rd2 43. g4 hxg4 44. fxg4 Rd5+ 45. Kf6 Rd4 46. Qc8 Re4 47. h5 Re6+ 48. Kg5 gxh5 49. gxh5 Re5+ 50. Kh4 Re4+ 51. Kg5 Be6 52. Qc5 Rg4+ 53. Kf6 Rf4+ 54. Ke7 Rf5 55.
Qg1 Kh6 56. Qg3 Kxh5 57. Qh3+ Kg5 58. Qg3+ Kh5 59. Qh3+ Kg6 60. Qg3+ Rg5 61. Qd3+ Kh5 62. Qf3+ Kh4 63. Qf4+ Rg4 64. Qh2+ Kg5 65. Qe5+ Kh4 66. Qh2+ Kg5 67. Qe5+ Kh4 68. Qh2+ 1/2-1/2

[Event "*** Titled Tuesday Blitz"]
[Site "Chess.com"]
[Date "2020.04.07"]
[Round "2"]
[White "2165149677570"]
[Black "LittlePeasant"]
[Result "0-1"]
[WhiteElo "2359"]
[BlackElo "2785"]
[TimeControl "180+1"]
[EndTime "13:20:06 PDT"]
[Termination "LittlePeasant won by checkmate"]

1. e4 c5 2. Nf3 e6 3. d4 cxd4 4.
Nxd4 Nc6 5. Nc3 Qc7 6. Be2 a6 7. O-O Nf6 8. Be3 d6 9. f4 Be7 10. Bf3 O-O 11. Nxc6 bxc6 12. Na4 d5 13.
e5 Nd7 14. c4 Bb7 15. Rc1 Qa5 16.
b3 Rac8 17. Qe2 Nc5 18. Nc3 Rfd8 19. Rfd1 Ba8 20. Qb2 Rb8 21. cxd5 cxd5 22. Ne2 Ne4 23. Nd4 Ba3 24. Qc2 Bxc1 25. Rxc1 h6 26. f5 Rbc8 27. Qxc8 Rxc8 28. Rxc8+ Kh7 29. Rc1 exf5 30. Nxf5 Qxa2 31. Nd4 Qb2 32. h3 a5 33. Kh2 Qa3 34. Rc8 Qe7 35. Rxa8 Qxe5+ 36. Kg1 Nc5 37. Bf2 Nd3 38. Ne2 Nxf2 39.
Kxf2 d4 40. Rc8 Qe3+ 41. Kf1 d3 42. Nc3 Qc1+ 43. Kf2 d2 44. Bd1 Qb2 45. Ke2 g6 46. Rc4 Kg7 47. Na4 Qe5+ 48. Kxd2 Qd5+ 49. Kc2 Qxg2+ 50.
Kc1 Qxh3 51. Nc3 Qe3+ 52. Kc2 h5 53. Be2 h4 54. Re4 Qf2 55. Nd5 Qf5 56. Bd3 Qxd5 57. Rxh4 Qc5+ 58. Rc4 Qf2+ 59. Kc3 Qe1+ 60. Kc2 f5 61.
Ra4 Kf6 62. Rc4 g5 63. Rc6+ Ke7 64. Rc5 g4 65. Rxf5 g3 66. Rg5 Qf2+ 67. Kc3 g2 68. Be4 g1=Q 69. Rxg1 Qxg1 70. Bd3 Kd6 71. Bc4 Kc5 72. Kb2 Qd4+ 73. Ka3 Qa1# 0-1

[Event "*** Titled Tuesday Blitz"]
[Site "Chess.com"]
[Date "2020.04.07"]
[Round "2"]
[White "CyberneticLion"]
[Black "Orange_Ghost"]
[Result "0-1"]
[WhiteElo "2508"]
[BlackElo "2752"]
[TimeControl "180+1"]
[EndTime "13:20:09 PDT"]
[Termination "Orange_Ghost won by resignation"]

1. d4 Nf6 2. Bf4 g6 3. Nc3 d5 4.
e3 Bg7 5. h4 h5 6. Nf3 Bf5 7.
Be2 c6 8. Ne5 Nbd7 9. Qd2 Rc8 10. f3 b5 11. a3 a5 12. O-O Nb6 13. b3 O-O 14. Bd3 Bxd3 15. Nxd3 Nfd7 16. Ne5 Nxe5 17. Bxe5 e6 18. Bxg7 Kxg7 19. g3 Ra8 20. a4 Qd6 21. Ne2 bxa4 22. bxa4 Nc4 23. Qc3 Rfb8 24. e4 Rb4 25. e5 Qb8 26. Kh2 Qb6 27. f4 Rb8 28. Qd3 Nb2 29. Qf3 Nc4 30. Rfc1 Rb2 31. g4 hxg4 32.
Qxg4 Rh8 33. Qg5 Qd8 34. Kg3 Nd2 35. Nc3 Rb4 36. Rh1 Rxd4 37. Rad1 Rc4 38. Rxd2 Rxc3+ 39.
Kg2 Qxg5+ 40. fxg5 Rc4 41. Rf1 Rhxh4 42. Rdf2 Rcg4+ 43.
Kf3 Rf4+ 44. Kg3 Rhg4+ 45. Kh3 Rxf2 46. Rxf2 Rxa4 47. Rf3 Rc4 48. Ra3 a4 49. Kg3 c5 50.
Kf3 Kf8 51. Ke3 Ke7 52. Kd3 Rg4 53. Ra1 Kf8 54. Ra2 Kg7 55. Ra1 a3 56. c3 Rg3+ 0-1

[Event "*** Titled Tuesday Blitz"]
[Site "Chess.com"]
[Date "2020.04.07"]
[Round "2"]
[White "Fianchettoed-Tower"]
[Black "Leonid_Starozhilov"]
[Result "1-0"]
[WhiteElo "2375"]
[BlackElo "2681"]
[TimeControl "180+1"]
[EndTime "13:20:09 PDT"]
[Termination "Fianchettoed-Tower won by resignation"]

1. e4 g6 2. d4 Bg7 3. Nf3 d6 4. Nc3 Nf6 5. Be2 O-O 6. O-O Bg4 7. a4 Nc6 8. d5 Bxf3 9. Bxf3 Nb4 10. a5 c6 11. a6 cxd5 12. axb7 Rb8 13. Rxa7 Nc6 14.
Ra8 Rxa8 15. bxa8=Q Qxa8 16. Nxd5 Nxd5 17. Qxd5 Ne5 18. Qxa8 Nxf3+ 19. gxf3 Rxa8 20. c3 Ra2 21. Kg2 f5 22. Re1 Kf7 23. Kf1 Be5 24. f4 Bg7 25. e5 dxe5 26. fxe5 h6 27. f4 Ke6 28. Ke2 g5 29.
fxg5 hxg5 30. Kd3 Bf6 31. exf6+ Kxf6 32. Kc2 e5 33. Kb1 Ra8 34. b4 f4 35. Kc2 Kf5 36. b5 Rc8 37. Kb3 e4 38. c4 g4 39. Kb4 Rh8 40.
c5 Rxh2 41. c6 Rh8 42. c7 f3 43. Be3 g3 44. b6 f2 45. Rf1 Kg4 46. Bxf2 g2 47. Rg1 Kf3 48. Bc5 e3 49. Bxe3 Kxe3 50. Rxg2 Kf3 51. Rd2 1-0

[Event "*** Titled Tuesday Blitz"]
[Site "Chess.com"]
[Date "2020.04.07"]
[Round "2"]
[White "Sajkochess"]
[Black "anesar92"]
[Result "0-1"]
[WhiteElo "2352"]
[BlackElo "2728"]
[TimeControl "180+1"]
[EndTime "13:20:09 PDT"]
[Termination "anesar92 won by resignation"]

1. e4 c5 2. Nf3 d6 3. d4 cxd4 4.
Nxd4 Nf6 5. Nc3 Nc6 6. g3 g6 7. Nde2 Bg7 8. Bg2 O-O 9. O-O Rb8 10. a4 a6 11. h3 b5 12. axb5 axb5 13. Nd5 Nd7 14. c3 b4 15. Nd4 Nxd4 16. cxd4 e6 17. Ne3 Qb6 18. Nc4 Qxd4 19. Nxd6 Nc5 20. Be3 Qxd1 21.
Rfxd1 Nb7 22. e5 Bxe5 23. Nxc8 Rfxc8 24. Ba7 Bxb2 25. Rab1 Bc3 26. Bxb8 Rxb8 27. Rdc1 Kg7 28. Kf1 Nc5 29. Ke2 Rd8 30. Rc2 e5 31. Rbc1 Nb3 32. Rxc3 Nd4+ 33. Ke3 bxc3 34. Rxc3 Nf5+ 35. Ke2 Rd7 36. Rc5 Kf6 37. Be4 Nd4+ 38. Ke3 Ne6 39.
Rc6 Ke7 40. h4 Ra7 41. Rc3 Nd4 42. f4 Nb5 43. Rb3 exf4+ 44. Kxf4 Nd6 45. Bd5 Ra4+ 46. Kf3 Kf6 47. Bc6 Rc4 48. Bd5 Rc5 49. Rd3 Ke5 50. Bb3 f5 51. Re3+ Ne4 52. Rd3 h6 53.
Bg8 g5 54. hxg5 hxg5 55. Bh7 Rc2 56. Bxf5 Rf2+ 57. Kg4 Rxf5 58. Rd5+ Kxd5 59. Kxf5 Kd4 60. g4 Ke3 61. Ke5 Kf3 62. Kf5 Kg3 63. Kxe4 Kxg4 64. Ke3 Kg3 65. Ke2 g4 66. Kf1 Kh2 67. Kf2 g3+ 0-1

[Event "*** Titled Tuesday Blitz"]
[Site "Chess.com"]
[Date "2020.04.07"]
[Round "2"]
[White "Moon_stone123"]
[Black "norwaytoadog"]
[Result "0-1"]
[WhiteElo "2484"]
[BlackElo "2285"]
[TimeControl "180+1"]
[EndTime "13:20:09 PDT"]
[Termination "norwaytoadog won by checkmate"]

1. e4 e5 2. Nf3 Nc6 3. Bb5 a6 4. Ba4 Nf6 5. O-O Be7 6. Re1 b5 7. Bb3 d6 8. c3 O-O 9. h3 Bb7 10.
d4 Re8 11. Nbd2 exd4 12. cxd4 Nd7 13. Nf1 Na5 14. Bc2 Bf6 15. Ng3 g6 16. Rb1 c5 17.
d5 Nc4 18. b3 Nce5 19. Nxe5 Nxe5 20. f4 Nd7 21. Be3 Bc3 22. Rf1 Qh4 23. Qg4 Qxg4 24. hxg4 Nf6 25. g5 Nxd5 26. Bc1 Bd4+ 27. Kh2 Nc3 28.
Rb2 Nxe4 29. Bxe4 Bxe4 30. Re2 d5 31. Rfe1 Bc3 32. Nxe4 dxe4 33. Rd1 Bd4 34. Be3 Rad8 35. Red2 Kf8 36. Kg3 Re6 37. Bxd4 cxd4 38. Rxd4 Rxd4 39. Rxd4 Ke7 40. Kf2 f6 41. gxf6+ Kxf6 42. Ke3 Kf5 43. Rd5+ Kf6 44. Rd4 Kf5 45. Rd5+ Kf6 46. g4 h6 47. Rd4 h5 48. g5+ Kf5 49. Rd5+ Kg4 50. Re5 Rxe5 51. fxe5 Kf5 52. Kd4 e3 53. Kxe3 Kxe5 54. b4 h4 55. Kf3 Kf5 56. a3 Kxg5 57. Kg2 Kg4 58. Kh2 h3 59. Kh1 Kg3 60. Kg1 h2+ 61. Kh1 Kh3 62.
a4 bxa4 63. b5 a3 64. bxa6 a2 65. a7 a1=Q# 0-1

[Event "*** Titled Tuesday Blitz"]
[Site "Chess.com"]
[Date "2020.04.07"]
[Round "2"]
[White "nurgyulsalimova"]
[Black "WIDBIFS"]
[Result "1-0"]
[WhiteElo "2549"]
[BlackElo "2790"]
[TimeControl "180+1"]
[EndTime "13:20:10 PDT"]
[Termination "nurgyulsalimova won by resignation"]

1. d4 Nf6 2. c4 g6 3. Nc3 Bg7 4. e4 d6 5. Nf3 O-O 6. h3 e5 7.
d5 Nh5 8. g3 f5 9. exf5 gxf5 10. Nh4 Nf4 11. Be3 Na6 12. Qd2 Ng6 13. Nxg6 hxg6 14. O-O-O Nc5 15. h4 Bf6 16. Be2 Bd7 17.
f3 a6 18. g4 f4 19. Bxc5 dxc5 20. Bd3 Bxh4 21. Bxg6 Kg7 22. Bc2 Rh8 23. Qd3 Be8 24. Qf5 Qf6 25. Qd3 Bg6 26. Qe2 Rae8 27. Bxg6 Qxg6 28. Ne4 Be7 29. Qd2 Bd6 30. Qf2 b6 31.
a3 a5 32. Qc2 Rxh1 33. Rxh1 Rh8 34. Rxh8 Kxh8 35. Qa4 Qf7 36. Qc6 Qe7 37. Qa8+ Kh7 38. Qc8 Kg7 39. Qf5 Qh4 40. Qg5+ Qxg5 41. Nxg5 Be7 42. Ne6+ Kg6 43. Nxc7 Kg5 44. Ne6+ Kh4 45. Kd2 e4 46. Nxf4 Bg5 47. Ke3 Kg3 48. Kxe4 Bxf4 49. b3 a4 50. bxa4 Bd6 51. g5 Kh4 52. f4 Bf8 53. Kf5 Kh5 54. Ke6 Kg6 55. d6 Bxd6 56. Kxd6 b5 57. axb5 1-0

[Event "*** Titled Tuesday Blitz"]
[Site "Chess.com"]
[Date "2020.04.07"]
[Round "2"]
[White "SARGISMV"]
[Black "SanQui14"]
[Result "0-1"]
[WhiteElo "2514"]
[BlackElo "2309"]
[TimeControl "180+1"]
[EndTime "13:20:10 PDT"]
[Termination "SanQui14 won by resignation"]

1. d4 Nf6 2. c4 e6 3. Nc3 Bb4 4. e3 b6 5. Ne2 Bb7 6. a3 Bxc3+ 7. Nxc3 O-O 8. Bd3 d5 9. O-O Nbd7 10. b4 dxc4 11.
Bxc4 c5 12. dxc5 bxc5 13. b5 Nb6 14. Be2 Nfd5 15. Bb2 Qg5 16. Bf3 Nc4 17. Ne4 Qg6 18.
Nxc5 Ndxe3 19. fxe3 Nxb2 20. Qd4 Bxf3 21. Rxf3 Rac8 22.
Rc1 Nd3 23. Nxd3 Rxc1+ 24. Nxc1 Qb1 25. Rf1 Qxb5 26. Nd3 a5 27. a4 Qb3 28. Ne5 f6 29. Nd7 Rc8 30. h4 Rc2 31. Kh2 Qa2 32. Rg1 Rd2 33.
Qa7 Qd5 34. Qb8+ Kf7 35. Qf8+ Kg6 36. Qe8+ Kh6 37. Nf8 Qe5+ 38. Kh3 Qxe3+ 39. g3 Qxg1 40. Qxe6 Qh1+ 41. Kg4 Rd4+ 42. Kf5 Qd5+ 43. Qxd5 Rxd5+ 44. Ke4 Rc5 45. Kd4 Rc1 46. Ne6 Ra1 47. Nc5 Rg1 48. Ne4 Ra1 49. Nc3 Kh5 50. Kc4 Kg4 51. Kb5 Rc1 52. Nd5 Kxg3 53. h5 f5 54. h6 gxh6 55.
Kxa5 Rc5+ 0-1

[Event "*** Titled Tuesday Blitz"]
[Site "Chess.com"]
[Date "2020.04.07"]
[Round "2"]
[White "aquiles88"]
[Black "superstructure"]
[Result "1-0"]
[WhiteElo "2219"]
[BlackElo "2439"]
[TimeControl "180+1"]
[EndTime "13:20:11 PDT"]
[Termination "aquiles88 won on time"]

1. g3 Nf6 2. Bg2 g6 3. e4 d6 4. d4 Bg7 5. Nc3 O-O 6. Nge2 c5 7. dxc5 dxc5 8. Qxd8 Rxd8 9. Be3 Na6 10. h3 Be6 11. O-O Rac8 12. a3 Nb8 13. Rfd1 b6 14. Nf4 Bc4 15.
b3 Ba6 16. Rxd8+ Rxd8 17. Rd1 Rxd1+ 18. Nxd1 Nc6 19. Nc3 e6 20. Bf1 Bb7 21. Bg2 Nd4 22.
Bxd4 cxd4 23. Nb5 e5 24. Nd3 Nxe4 25. Nxa7 f5 26. Nb5 Kf8 27. g4 Ke7 28. gxf5 gxf5 29.
f4 Ba6 30. a4 Bxb5 31. axb5 exf4 32. Nxf4 Nc3 33. Bc6 Kd6 34. Kf2 Bh6 35. Nd3 Be3+ 36. Kf3 Ke6 37. Nb4 Kf6 38. Nd3 Ke6 39. Nb4 Ke5 40.
Nd3+ Kd6 41. Be8 Ne4 42. h4 Nd2+ 43. Ke2 Nb1 44. Nb4 Na3 45. Kd3 Kc5 46. Na6+ Kd6 47.
Nb4 Kc5 48. Na6+ Kd5 49. Nb4+ Kd6 50. Na6 f4 51. Ke4 Nxc2 52. Kd3 Ne1+ 53. Ke2 Nc2 54. Bc6 1-0

[Event "*** Titled Tuesday Blitz"]
[Site "Chess.com"]
[Date "2020.04.07"]
[Round "2"]
[White "Storne89"]
[Black "Shield12"]
[Result "1-0"]
[WhiteElo "2614"]
[BlackElo "2928"]
[TimeControl "180+1"]
[EndTime "13:20:12 PDT"]
[Termination "Storne89 won by resignation"]

1. e4 e5 2. Nf3 Nc6 3. Bc4 Bc5 4.
d3 Nf6 5. a4 a6 6. c3 d6 7. h3 Ba7 8. Nbd2 h6 9. Bb3 Ne7 10.
Nf1 Ng6 11. Ng3 c6 12. O-O O-O 13. Re1 d5 14. exd5 Nxd5 15. d4 exd4 16. Nxd4 Qf6 17.
Bxd5 cxd5 18. Be3 Ne5 19. b3 Bd7 20. Qh5 Rfe8 21. Nc2 Nd3 22. Bxa7 Rxa7 23. Rxe8+ Bxe8 24. Qe2 Qxc3 25. Qxe8+ Kh7 26. Qe2 Nb4 27. Qe3 Qxe3 28. Nxe3 d4 29. Nc4 Ra8 30. a5 Rd8 31. Rd1 Rd5 32.
Ne4 Nc6 33. Ra1 d3 34. Ned2 f6 35. f4 Kg6 36. g4 h5 37. Kf2 hxg4 38. hxg4 Nd4 39.
Re1 Nc6 40. Ra1 Nd4 41. Ra4 Nc6 42. b4 f5 43. g5 Kh5 44. Ke3 Kg4 45. Ra1 Nxb4 46.
Rg1+ Kh5 47. Ne5 Nc2+ 48. Kf2 Rxe5 49. fxe5 Kg6 50. Nf3 f4 51. Rd1 Ne3 52. Rxd3 Kf5 53. Rxe3 fxe3+ 54. Kxe3 g6 55. Kd4 Ke6 56. Ke4 1-0

[Event "*** Titled Tuesday Blitz"]
[Site "Chess.com"]
[Date "2020.04.07"]
[Round "2"]
[White "Flawless_Fighter"]
[Black "Galileo22"]
[Result "0-1"]
[WhiteElo "2555"]
[BlackElo "2327"]
[TimeControl "180+1"]
[EndTime "13:20:12 PDT"]
[Termination "Galileo22 won on time"]

1. e4 c5 2. Nf3 d6 3. Bb5+ Nc6 4. O-O Bd7 5. Re1 g6 6. c3 Bg7 7. d4 cxd4 8. cxd4 a6 9. Bxc6 Bxc6 10. Nc3 Nf6 11. d5 Bd7 12. Be3 Bg4 13. h3 Bxf3 14.
Qxf3 Nd7 15. Rac1 O-O 16. Qe2 Rc8 17. Rc2 Qa5 18. Rec1 Rc7 19. a3 Rfc8 20. Bd2 Qb6 21. Be3 Qb3 22. Qd2 b5 23. Bd4 Bxd4 24. Qxd4 a5 25.
h4 b4 26. axb4 axb4 27. h5 bxc3 28. Rxc3 Rxc3 29. Rxc3 Rxc3 30. bxc3 Qb1+ 31. Kh2 Qb6 32. Qa4 Nf6 33. h6 Ng4+ 34. Kg3 Nxh6 35. Qe8+ Kg7 36. Qxe7 Ng8 37. Qd7 Nf6 38. Qe7 Qc5 39. f3 Qxc3 40. Kh3 Qe5 41. Qc7 h5 42. Qc1 g5 43. Qe3 g4+ 44.
Kh4 gxf3 45. gxf3 Nh7 46. f4 Qf6+ 47. Kh3 Qg6 48. Qd4+ Kh6 49. Qd1 Qxe4 50. Qf1 Qe3+ 51. Kh4 Nf6 52. f5 Qe4+ 53. Kh3 Qxd5 54. Qf4+ Kh7 55.
Qg5 Qf3+ 56. Kh2 Ng4+ 0-1

[Event "*** Titled Tuesday Blitz"]
[Site "Chess.com"]
[Date "2020.04.07"]
[Round "2"]
[White "SHIVACalypso"]
[Black "serhanberat_ozdemir"]
[Result "0-1"]
[WhiteElo "2220"]
[BlackElo "2468"]
[TimeControl "180+1"]
[EndTime "13:20:12 PDT"]
[Termination "serhanberat_ozdemir won by resignation"]

1. Nf3 Nf6 2. c4 g6 3. g3 Bg7 4. Bg2 O-O 5. O-O d6 6. Nc3 c6 7. Rb1 Qa5 8. b4 Qh5 9. h4 e5 10. d3 Bg4 11. a4 Nbd7 12. b5 Rfe8 13. bxc6 bxc6 14. Qb3 Rab8 15. Qc2 Rxb1 16. Qxb1 d5 17. cxd5 cxd5 18. Qb3 e4 19. dxe4 dxe4 20. Ng5 Ne5 21. Bf4 h6 22. Bxe5 hxg5 23. hxg5 Qxg5 24. Bxf6 Qxf6 25.
Nxe4 Qa6 26. Ng5 Qf6 27. Ne4 Qe5 28. e3 Be6 29. Qb7 Bd5 30. f4 Qe6 31. Qxd5 Qxd5 32. Nf6+ Bxf6 33. Bxd5 Rxe3 34. Kg2 Ra3 35. Bc6 Kg7 36.
Rd1 Ra2+ 37. Kf3 Ra3+ 38. Kg2 Rc3 39. Bb5 Rc2+ 40. Kh3 Rc3 41. Rd7 a5 42. Ra7 Bd4 43.
Rxa5 Bf2 44. Ra8 Bxg3 45. f5 gxf5 46. Kg2 f4 47. Rd8 Rc2+ 48. Kg1 f3 49. Rd3 Rc1+ 50. Rd1 Rxd1+ 51. Bf1 Bh2+ 52. Kxh2 Rxf1 53. Kg3 Ra1 54. Kxf3 Rxa4 0-1